 Dungeon Crawl Stone Soup version 0.19-a0-27-g415f530 (webtiles) character file.

24 M4edhros the Grave Robber (level 3, -3/21 HPs)
             Began as an Octopode Necromancer on May 1, 2016.
             Slain by a sky beast (5 damage)
             ... on level 4 of the Dungeon.
             The game lasted 00:02:54 (542 turns).

M4edhros the Grave Robber (Octopode Necromancer)     Turns: 542, Time: 00:02:54

Health: -3/21      AC:  1    Str:  7    XL:     3   Next: 2%
Magic:  15/15      EV: 12    Int: 17    God:
Gold:   54         SH:  0    Dex: 13    Spells: 3 memorised, 1 level left

rFire  . . .     SeeInvis .       - Unarmed
rCold  . . .     Gourm    .     (no shield)
rNeg   . . .     Faith    .     (helmet restricted)
rPois  .         Spirit   .     (no amulet)
rElec  .         Dismiss  .     e - ring of magical power
rCorr  .         Reflect  .     (no ring)
SustAt .         Harm     .     (no ring)
MR     .....                    (no ring)
Stlth  +++.......               (no ring)
                                (no ring)
                                (no ring)
                                (no ring)

@: not resistant to hostile enchantments, fairly stealthy
A: almost no armour, amphibious, 8 rings, constrict 8, camouflage 1, gelatinous
body 1
a: no special abilities


You were on level 4 of the Dungeon.
You were not hungry.

You visited 1 branch of the dungeon, and saw 5 of its levels.

You collected 54 gold pieces.

Inventory:

Jewellery
 e - a ring of magical power (left tentacle)
Scrolls
 f - a scroll of enchant weapon {unknown}
 h - a scroll of identify {unknown}
Books
 a - a book of Necromancy

   Spells                             Type                      Level
   a - Pain                           Necromancy                   1
   b - Animate Skeleton               Necromancy                   1
   c - Vampiric Draining              Necromancy                   3
   d - Regeneration                   Charms/Necromancy            3
   e - Animate Dead                   Necromancy                   4
   f - Control Undead                 Necromancy                   4
Comestibles
 b - a bread ration
 c - 2 meat rations


   Skills:
 - Level 2.0 Dodging
 - Level 2.6 Stealth
 + Level 2.5 Unarmed Combat
 - Level 2.0 Spellcasting
 - Level 4.0 Necromancy


You had one spell level left.
You knew the following spells:

 Your Spells              Type           Power        Failure   Level  Hunger
a - Pain                  Necr           ###.         3%          1    #......
b - Animate Skeleton      Necr           N/A          3%          1    #......
r - Regeneration          Chrm/Necr      #.........   24%         3    ###....


Dungeon Overview and Level Annotations

Branches:
Dungeon (5/15)
 Temple: D:4-7

Altars:

Annotations:
D:4 M4edhros's ghost, weakling OpNe


Innate Abilities, Weirdness & Mutations

You cannot wear most types of armour.
You are amphibious.
You can wear up to eight rings at the same time.
You can use your tentacles to constrict eight enemies at once.
Your skin changes colour to match your surroundings (Stealth).
Your rubbery body absorbs attacks (AC +1).


Message History

You see here a throwing net.
The sky beast flickers out of sight!
Deactivating autopickup; reactivate with Ctrl-A.
A sky beast appears from thin air!
Reactivating autopickup.
The sky beast flickers out of sight!
Deactivating autopickup; reactivate with Ctrl-A.
There is a stone staircase leading up here.
Something hits you. Something shocks you.
You climb upwards.
Level annotation: M4edhros's ghost, weakling OpNe
Found a hunting sling.
There is a stone staircase leading down here.
Something hits you. Something shocks you.
A sky beast appears from thin air!
Reactivating autopickup.
The sky beast hits you.
* * * LOW HITPOINT WARNING * * *
The sky beast shocks you.
You die...

#......#
#......#
#..)...#
#......#
#.>....#
#......#
.#
#......#
.#
#...Y..#
.#
#....@.#
.#######
#......#
.......#
#......#
......[#
#......#
.......#
#......#
.......#
#......#
.......#
#......#
#O.....#
#......#
#......#
#......#


You could see a sky beast.

Vanquished Creatures
  An adder (D:3)
  A worm (D:2)
  2 giant geckos
  2 bats
  A giant cockroach (D:2)
  A kobold (D:3)
  A quokka (D:5)
  A ball python (D:2)
  A goblin (D:3)
11 creatures vanquished.

Notes
Turn   | Place    | Note
--------------------------------------------------------------
     0 | D:1      | M4edhros the Octopode Necromancer began the quest for the Orb.
     0 | D:1      | Reached XP level 1. HP: 11/11 MP: 3/3
    64 | D:1      | Reached skill level 1 in Unarmed Combat
   166 | D:2      | Reached XP level 2. HP: 14/17 MP: 5/5
   254 | D:4      | Noticed M4edhros's ghost (weakling OpNe)
   260 | D:4      | Noticed an ogre
   315 | D:5      | Entered Level 5 of the Dungeon
   325 | D:5      | Reached XP level 3. HP: 6/21 MP: 6/6
   330 | D:5      | Learned a level 1 spell: Animate Skeleton
   335 | D:5      | Learned a level 3 spell: Regeneration
   348 | D:5      | Noticed a sky beast
   542 | D:4      | Slain by a sky beast

Vault maps used:
D:1:      dpeg_arrival_signposts
D:2:      forest_paths, uniq_sigmund
D:3:      first_bread, nicolae_ru_sacrificial_ziggurat
D:4:      minmay_fire_ice_demons, uniq_duvessa
D:5:      kennysheep_mini_moat, hangedman_decor_growths, uniq_menkaure

Skill      XL: |  1  2 |
---------------+-------+-----
Unarmed Combat | 1 2 |  2.5
Dodging        | |  2.0
Stealth        | |  2.6
Spellcasting   | |  2.0
Necromancy     | |  4.0

Action                   || total
-------------------------++-------
Melee: Unarmed           ||     5
       Constrict         ||     2
       Tentacles         ||     2
 Cast: Pain              ||    25
       Regeneration      ||     4
  Use: Potion            ||     1
 Stab: Sleeping          ||     2
Armor: Skin              ||     2
Dodge: Dodged            ||     5
